 Dungeon Crawl Stone Soup version 0.28-a0-1485-g077359a4bf (webtiles) character file.

Game seed: 5627018603461559435

2571 sanka the Basher (level 9, -3/74 HPs)
             Began as a Gnoll Cinder Acolyte on Jan 11, 2022.
             Was a High Priest of Ignis.
             Succumbed to a gnoll sergeant's poison
             ... on level 7 of the Dungeon.
             The game lasted 00:10:17 (8515 turns).

sanka the Basher (Gnoll Cinder Acolyte)             Turns: 8515, Time: 00:10:17

Health: -3/74      AC:  2    Str: 14    XL:     9   Next: 57%
Magic:  16/16      EV: 13    Int: 18    God:    Ignis [*****.]
Gold:   261        SH:  5    Dex: 13    Spells: 16/18 levels left

rFire   + + .      SeeInvis .   a - +2 hand axe (elec)
rCold   x . .      Faith    .   (no shield)
rNeg    . . .      Spirit   .   x - +0 robe
rPois   .          Reflect  +   (no helmet)
rElec   .          Harm     .   (no cloak)
rCorr   .          Rampage  .   (no gloves)
Will    .....                   (no boots)
Stlth   +++.......              y - amulet of reflection
HPRegen 0.22/turn               w - ring of fire
MPRegen 0.15/turn               e - +6 ring of dexterity

@: lethally poisoned (-3 -> -35)
A: fangs 1, strong nose, distributed training
a: Renounce Religion, Fiery Armour, Foxfire Swarm, Rising Flame


You were on level 7 of the Dungeon.
You worshipped Ignis.
Ignis was extremely pleased with you.
You visited 1 branch of the dungeon, and saw 7 of its levels.

You collected 261 gold pieces.


Innate Abilities, Weirdness & Mutations

You have very sharp teeth.
Your uncanny sense of smell can sniff out nearby items.
Your experience applies equally to all skills.


   Skills:
 + Level 8.0 Fighting
 + Level 4.3 Short Blades
 + Level 4.3 Long Blades
 + Level 4.3 Axes
 + Level 8.0 Maces & Flails
 + Level 4.3 Polearms
 + Level 4.3 Staves
 + Level 4.3 Slings
 + Level 4.3 Bows
 + Level 4.3 Crossbows
 + Level 4.3 Throwing
 + Level 4.3 Armour
 + Level 4.3 Dodging
 + Level 4.3 Stealth
 + Level 4.3 Shields
 + Level 4.3 Unarmed Combat
 + Level 5.2 Spellcasting
 + Level 3.6 Conjurations
 + Level 3.6 Hexes
 + Level 3.6 Summonings
 + Level 3.6 Necromancy
 + Level 3.6 Translocations
 + Level 3.6 Transmutations
 + Level 6.6 Fire Magic
 + Level 3.6 Ice Magic
 + Level 3.6 Air Magic
 + Level 3.6 Earth Magic
 + Level 3.6 Poison Magic
 + Level 4.8 Invocations
 + Level 4.3 Evocations


You had 16 spell levels left.
You knew the following spells:

 Your Spells              Type           Power      Damage    Failure   Level
y - Scorch                Fire           84%        2d9       1%          2

Your spell library contained the following spells:

 Spells                   Type           Power      Damage    Failure   Level
 Apportation              Tloc           34%        N/A       3%          1
 Sublimation of Blood     Necr           17%        N/A       4%          2
 Wereblood                Tmut           17%        N/A       4%          2
 Summon Ice Beast         Ice/Summ       17%        N/A       28%         4
 Summon Mana Viper        Hex/Summ       17%        N/A       63%         5
 Monstrous Menagerie      Summ           8%         N/A       100%        7
 Summon Hydra             Summ           8%         N/A       100%        7

Inventory:

Hand Weapons
 a - a +2 hand axe of electrocution (weapon)
 b - the +4 dagger "Morg" {pain, Will+ Int+5} In the hands of one skilled in necromantic magic, it inflicts extra damage on living creatures. Int: It affects your intelligence (+5). Will: It increases your willpower.
 o - a -1 mace of flaming
 t - a +0 dagger of venom
 C - a +0 flail
 H - a +0 dire flail
Armour
 x - a +0 robe (worn)
Jewellery
 e - a +6 ring of dexterity (right hand)
 w - a ring of fire (left hand)
 y - an amulet of reflection (around neck)
 A - the ring "Wilaeh" {rN+ Will- rCorr Str+3 Dex+2}

   [ring of positive energy]

   Str:       It affects your strength (+3).
   Dex:       It affects your dexterity (+2).
   rN:        It protects you from negative energy.
   rCorr:     It protects you from acid and corrosion.
   Will:      It decreases your willpower.
Wands
 l - a wand of flame (20)
 G - a wand of polymorph (15)
Scrolls
 c - 6 scrolls of identify {unknown}
 g - 2 scrolls of enchant armour {unknown}
 j - 4 scrolls of teleportation {unknown}
 p - 2 scrolls of noise {unknown}
 r - a scroll of blinking {unknown}
 s - a scroll of fog {unknown}
 u - 3 scrolls of acquirement {unknown}
 z - a scroll of holy word {unknown}
 B - a scroll of amnesia {unknown}
 F - a scroll of silence {unknown}
Potions
 d - 3 potions of mutation {unknown}
 f - 6 potions of attraction {unknown}
 h - a potion of invisibility {unknown}
 i - 2 potions of brilliance {unknown}
 k - 2 potions of curing {unknown}
 m - a potion of haste {unknown}
 n - a potion of degeneration {unknown}
 q - a potion of lignification {unknown}
 v - 2 potions of heal wounds {unknown}
 D - 2 potions of cancellation {unknown}
 E - a potion of berserk rage {unknown}

Dungeon Overview and Level Annotations

Branches:
Dungeon (7/15)             Temple (0/1) D:6

Altars:
Dithmenos
Elyvilon
Kikubaaqudgha
Nemelex Xobeh
Qazlal
Sif Muna
Trog
Yredelemnul

▒.......▒.......▒
▒.......▒.......▒
▒.......▒.......▒
▒.......▒.......▒
▒.......▒........
▒.......▒........
▒.......▒........
▒.......'g>......
▒.......▒)g.....▒
▒.......▒.......▒▒▒▒▒▒
▒.......▒.......▒▒...▒
▒...▒▒..▒.....).▒▒.>.▒
▒▒▒▒▒▒..▒▒▒▒▒▒▒▒▒▒...▒
▒.......▒▒▒▒▒▒▒.▒▒▒▒▒▒
▒.......▒▒...▒...▒...▒
▒.......▒▒.>...8...>.▒


You could see a gnoll sergeant.


Message History

The gnoll barely misses you. The gnoll completely misses you.
You hit the gnoll but do no damage.
The gnoll is moderately wounded.
You feel very sick. The gnoll sergeant closely misses you.
The gnoll hits you from afar with a +0 halberd.
The gnoll completely misses you.
Unknown command.
You hit the gnoll. Lightning courses through the gnoll!
You kill the gnoll!
You feel very sick.
The gnoll sergeant hits you from afar with a +1 spear of venom!
* * * LOW HITPOINT WARNING * * *
You are more poisoned.
The gnoll barely misses you.
You feel very sick.
The gnoll sergeant hits you with a +1 spear of venom!
* * * LOW HITPOINT WARNING * * *
You are lethally poisoned!
The gnoll hits you with a +0 halberd!
* * * LOW HITPOINT WARNING * * *
Things that are here:
a +0 whip; a gnoll corpse You hit the gnoll sergeant but do no damage.
You hit the gnoll. Lightning courses through the gnoll!
You kill the gnoll!
You die...

Action                   |  1- 3 |  4- 6 |  7- 9 || total
-------------------------+-------+-------+-------++-------
Melee: Mace              |   128 |     3 |       ||   131
       Bite              |     9 |    10 |    17 ||    36
       Punch             |     1 |     1 |     1 ||     3
       Flail             |       |    90 |    24 ||   114
       Dagger            |       |       |    84 ||    84
       Dire flail        |       |       |    46 ||    46
       Hand axe          |       |       |     7 ||     7
 Cast: Scorch            |     4 |    24 |    90 ||   118
 Stab: Sleeping          |     1 |     2 |     2 ||     5
       Distracted        |     1 |       |     1 ||     2
Armor: Robe              |    25 |    17 |    24 ||    66
Dodge: Dodged            |    87 |    58 |   120 ||   265
Block: Other             |       |       |    34 ||    34
       Reflection        |       |       |     1 ||     1

Levels and vault maps discovered:
D:1:      minmay_arrival_semitransparent, layout_rooms,
          shapermc_ecumenical_altar_rom_forum, roderic_lattice_a,
          minmay_lizard_king
D:2:      layout_basic, uniq_sigmund, uniq_terence
D:3:      layout_rooms, mainiacjoe_overflow_boulevard
D:4:      layout_layer_cave, elyvilon_altar_5, uniq_blork_the_orc
D:5:      layout_rooms, mainiacjoe_overflow_24_doors, serial_bayou,
          serial_bayou_crossing, serial_bayou_pond_b, serial_bayou_lake_a,
          serial_bayou_lagoon_a
D:6:      layout_basic, nicolae_yredelemnul_corpse_copse, led_sif_book,
          mainiacjoe_overflow_catch_the_wave,
          mainiacjoe_overflow_small_starburst, minmay_temple_entry_poolview,
          feat_on_display
D:7:      layout_gridville, regret_index_temple_of_mockery,
          nicolae_elevator_lobby_plus

Notes
Turn   | Place    | Note
-------+----------+-------------------------------------------
     0 | D:1      | sanka the Gnoll Cinder Acolyte began the quest for the Orb.
     0 | D:1      | Reached XP level 1. HP: 23/23 MP: 4/4
   369 | D:1      | Reached XP level 2. HP: 25/29 MP: 5/5
   807 | D:1      | Found a faded altar of an unknown god.
   815 | D:1      | Got Plato's Collected Works on the Traveller
   889 | D:1      | Reached XP level 3. HP: 34/35 MP: 7/7
   898 | D:1      | Learned a level 2 spell: Scorch
  1328 | D:1      | Reached skill level 1 in Invocations
  1825 | D:2      | Noticed Sigmund
  1841 | D:2      | Killed Sigmund
  1842 | D:2      | Reached skill level 1 in Short Blades
  1842 | D:2      | Reached skill level 1 in Long Blades
  1842 | D:2      | Reached skill level 1 in Axes
  1842 | D:2      | Reached skill level 1 in Polearms
  1842 | D:2      | Reached skill level 1 in Staves
  1842 | D:2      | Reached skill level 1 in Slings
  1842 | D:2      | Reached skill level 1 in Bows
  1842 | D:2      | Reached skill level 1 in Crossbows
  1842 | D:2      | Reached skill level 1 in Throwing
  1842 | D:2      | Reached skill level 1 in Armour
  1842 | D:2      | Reached skill level 1 in Dodging
  1842 | D:2      | Reached skill level 1 in Stealth
  1842 | D:2      | Reached skill level 1 in Shields
  1842 | D:2      | Reached skill level 1 in Unarmed Combat
  1842 | D:2      | Reached skill level 3 in Spellcasting
  1842 | D:2      | Reached skill level 1 in Conjurations
  1842 | D:2      | Reached skill level 1 in Hexes
  1842 | D:2      | Reached skill level 1 in Summonings
  1842 | D:2      | Reached skill level 1 in Necromancy
  1842 | D:2      | Reached skill level 1 in Translocations
  1842 | D:2      | Reached skill level 1 in Transmutations
  1842 | D:2      | Reached skill level 1 in Ice Magic
  1842 | D:2      | Reached skill level 1 in Air Magic
  1842 | D:2      | Reached skill level 1 in Earth Magic
  1842 | D:2      | Reached skill level 1 in Poison Magic
  1842 | D:2      | Reached skill level 1 in Evocations
  1842 | D:2      | Reached XP level 4. HP: 22/41 MP: 0/8
  1842 | D:2      | Reached XP level 5. HP: 26/47 MP: 0/9
  2168 | D:2      | Noticed Terence
  2174 | D:2      | Killed Terence
  2175 | D:2      | Reached skill level 2 in Invocations
  2175 | D:2      | Reached XP level 6. HP: 36/53 MP: 1/10
  2321 | D:3      | Found a sparkling altar of Nemelex Xobeh.
  2758 | D:3      | Reached skill level 2 in Short Blades
  2758 | D:3      | Reached skill level 2 in Long Blades
  2758 | D:3      | Reached skill level 2 in Axes
  2758 | D:3      | Reached skill level 2 in Polearms
  2758 | D:3      | Reached skill level 2 in Staves
  2758 | D:3      | Reached skill level 2 in Slings
  2758 | D:3      | Reached skill level 2 in Bows
  2758 | D:3      | Reached skill level 2 in Crossbows
  2758 | D:3      | Reached skill level 2 in Throwing
  2758 | D:3      | Reached skill level 2 in Armour
  2758 | D:3      | Reached skill level 2 in Dodging
  2758 | D:3      | Reached skill level 2 in Stealth
  2758 | D:3      | Reached skill level 2 in Shields
  2758 | D:3      | Reached skill level 2 in Unarmed Combat
  2758 | D:3      | Reached skill level 2 in Evocations
  3801 | D:4      | Reached XP level 7. HP: 47/59 MP: 6/12
  3833 | D:3      | Reached skill level 7 in Fighting
  3833 | D:3      | Reached skill level 7 in Maces & Flails
  4353 | D:4      | Found the +4 dagger "Morg" {pain, Will+ Int+5}
  4366 | D:4      | Reached skill level 2 in Conjurations
  4366 | D:4      | Reached skill level 2 in Hexes
  4366 | D:4      | Reached skill level 2 in Summonings
  4366 | D:4      | Reached skill level 2 in Necromancy
  4366 | D:4      | Reached skill level 2 in Translocations
  4366 | D:4      | Reached skill level 2 in Transmutations
  4366 | D:4      | Reached skill level 2 in Ice Magic
  4366 | D:4      | Reached skill level 2 in Air Magic
  4366 | D:4      | Reached skill level 2 in Earth Magic
  4366 | D:4      | Reached skill level 2 in Poison Magic
  5133 | D:4      | Noticed Blork the orc
  5141 | D:4      | Killed Blork the orc
  5227 | D:4      | Found a white marble altar of Elyvilon.
  5436 | D:5      | Entered Level 5 of the Dungeon
  5533 | D:5      | Reached skill level 3 in Invocations
  5534 | D:5      | Reached skill level 4 in Spellcasting
  5757 | D:5      | Reached skill level 6 in Fire Magic
  5757 | D:5      | Reached XP level 8. HP: 65/67 MP: 14/14
  5766 | D:5      | Reached skill level 3 in Short Blades
  5766 | D:5      | Reached skill level 3 in Long Blades
  5766 | D:5      | Reached skill level 3 in Axes
  5766 | D:5      | Reached skill level 3 in Polearms
  5766 | D:5      | Reached skill level 3 in Staves
  5766 | D:5      | Reached skill level 3 in Slings
  5766 | D:5      | Reached skill level 3 in Bows
  5766 | D:5      | Reached skill level 3 in Crossbows
  5766 | D:5      | Reached skill level 3 in Throwing
  5766 | D:5      | Reached skill level 3 in Armour
  5766 | D:5      | Reached skill level 3 in Dodging
  5766 | D:5      | Reached skill level 3 in Stealth
  5766 | D:5      | Reached skill level 3 in Shields
  5766 | D:5      | Reached skill level 3 in Unarmed Combat
  5766 | D:5      | Reached skill level 3 in Evocations
  5934 | D:5      | Identified the ring "Wilaeh" {rN+ Will- rCorr Str+3 Dex+2}
  6369 | D:5      | Found a stormy altar of Qazlal.
  6952 | D:6      | Found a bloodstained altar of Trog.
  6984 | D:6      | Found an ancient bone altar of Kikubaaqudgha.
  7018 | D:6      | Reached skill level 3 in Conjurations
  7018 | D:6      | Reached skill level 3 in Hexes
  7018 | D:6      | Reached skill level 3 in Summonings
  7018 | D:6      | Reached skill level 3 in Necromancy
  7018 | D:6      | Reached skill level 3 in Translocations
  7018 | D:6      | Reached skill level 3 in Transmutations
  7018 | D:6      | Reached skill level 3 in Ice Magic
  7018 | D:6      | Reached skill level 3 in Air Magic
  7018 | D:6      | Reached skill level 3 in Earth Magic
  7018 | D:6      | Reached skill level 3 in Poison Magic
  7018 | D:6      | Reached skill level 4 in Invocations
  7185 | D:6      | Found a shimmering blue altar of Sif Muna.
  7202 | D:6      | Reached XP level 9. HP: 73/73 MP: 9/16
  7316 | D:6      | Found a staircase to the Ecumenical Temple.
  7325 | D:6      | Reached skill level 4 in Short Blades
  7325 | D:6      | Reached skill level 4 in Long Blades
  7325 | D:6      | Reached skill level 4 in Axes
  7325 | D:6      | Reached skill level 4 in Polearms
  7325 | D:6      | Reached skill level 4 in Staves
  7325 | D:6      | Reached skill level 4 in Slings
  7325 | D:6      | Reached skill level 4 in Bows
  7325 | D:6      | Reached skill level 4 in Crossbows
  7325 | D:6      | Reached skill level 4 in Throwing
  7325 | D:6      | Reached skill level 4 in Armour
  7325 | D:6      | Reached skill level 4 in Dodging
  7325 | D:6      | Reached skill level 4 in Stealth
  7325 | D:6      | Reached skill level 4 in Shields
  7325 | D:6      | Reached skill level 4 in Unarmed Combat
  7325 | D:6      | Reached skill level 4 in Evocations
  7477 | D:6      | Reached skill level 5 in Spellcasting
  7530 | D:6      | Found a shadowy altar of Dithmenos.
  8080 | D:6      | Found a basalt altar of Yredelemnul.
  8511 | D:7      | Reached skill level 8 in Fighting
  8511 | D:7      | Reached skill level 8 in Maces & Flails
  8514 | D:7      | HP: 5/74 [gnoll (14)]
  8515 | D:7      | Succumbed to a gnoll sergeant's poison

Vanquished Creatures
  Sigmund (D:2)
  2 steam dragons (D:6)
  An orc warrior (D:6)
  2 ice beasts (D:6)
  2 sky beasts (D:5)
  An ogre (D:5)
  2 phantoms (D:6)
  A bullfrog (D:3)
  Blork the orc (D:4)
  3 scorpions (D:5)
  A wyvern zombie (D:6)
  2 water moccasin zombies (D:6)
  A howler monkey (D:6)
  2 centaur zombies
  A bullfrog zombie (D:6)
  3 hounds
  A bullfrog skeleton (D:5)
  2 orc priests (D:5)
  3 iguanas
  10 orc wizards
  Terence (D:2)
  2 killer bee zombies (D:6)
  A hound zombie (D:5)
  A howler monkey zombie (D:6)
  8 gnolls
  A howler monkey skeleton (D:3)
  3 adders
  An ufetubus (D:5)
  3 dart slugs
  22 orcs
  6 ball pythons
  6 endoplasms
  2 giant cockroaches
  8 goblins
  A hobgoblin (D:1)
  9 jackals
  9 quokkas
  4 bats
  14 frilled lizards
  7 kobolds
  4 rats
155 creatures vanquished.

Vanquished Creatures (others)
  24 plants
24 creatures vanquished.

Grand Total: 179 creatures vanquished
